 Dungeon Crawl Stone Soup version 0.27-a0-1149-g4505690ab0 (webtiles) character file.

Game seed: 9470002389438544649

65 Sobieck the Chopper (level 4, -3/40 HPs)
             Began as a Hill Orc Monk on May 12, 2021.
             Splashed by a jelly's acid (7 damage)
             ... on level 3 of the Dungeon.
             The game lasted 00:04:03 (2482 turns).

Sobieck the Chopper (Hill Orc Monk)                 Turns: 2482, Time: 00:04:04

Health: -3/40      AC: -2    Str: 14    XL:     4   Next: 14%
Magic:  4/4        EV: 12    Int: 10    God:
Gold:   26         SH:  0    Dex: 13    Spells: 3/3 levels left

rFire    . . .     SeeInvis .   a - +0 hand axe {axe}
rCold    . . .     Faith    .   (no shield)
rNeg     . . .     Spirit   .   b - +0 robe
rPois    .         Reflect  .   (no helmet)
rElec    .         Harm     .   (no cloak)
rCorr    .         Rampage  .   (no gloves)
Will     .....                  (no boots)
Stlth    ++........             (no amulet)
HPRegen  0.13/turn              (no ring)
MPRegen  0.09/turn              (no ring)

@: corroded
A: no striking features
a: no special abilities


You were on level 3 of the Dungeon.
You visited 1 branch of the dungeon, and saw 3 of its levels.

You collected 26 gold pieces.


   Skills:
 - Level 4.0 Fighting
 * Level 5.2 Axes
 + Level 2.8 Dodging
 + Level 2.2 Stealth


You had 3 spell levels left.
You didn't know any spells.
Your spell library contained the following spells:

 Spells                   Type           Power      Damage    Failure   Level
 Beastly Appendage        Tmut           0%         N/A       36%         1
 Wereblood                Tmut           0%         N/A       50%         2
 Spider Form              Tmut/Pois      0%         N/A       75%         3
 Ice Form                 Ice/Tmut       0%         N/A       98%         4
 Hydra Form               Tmut           0%         N/A       100%        5

Inventory:

Hand Weapons
 a - a +0 hand axe (weapon) {axe}
Missiles
 c - 11 bolts
 e - 14 stones (quivered) {throwing}
 h - 12 sling bullets
Armour
 b - a +0 robe (worn)
Scrolls
 d - 2 scrolls of immolation {unknown}
 f - a scroll of brand weapon {unknown}
 g - a scroll of silence {unknown}
 j - a scroll of fog {unknown}
 l - 3 scrolls of teleportation {unknown}
 m - a scroll of amnesia {unknown}
Potions
 i - a potion of curing {unknown}
 k - a potion of flight {unknown}
 n - a potion of resistance {unknown}

Dungeon Overview and Level Annotations

Branches:
Dungeon (3/15)

Altars:
Kikubaaqudgha
Vehumet

####.⌠....≈_.#.........#
#.....≈...#......##.#
#..≈≈.≈...#..##..##.##.#
#.≈≈≈≈≈≈.##..##..##.##.#
#.≈≈≈≈≈..##..##..##.##.#
#..≈≈≈≈≈..#..##..##..#.####
##..≈...⌠....##..###.#.#..
#........##.##..###.#.#(#
##..##.####.@J......#.#.#####
#.###......##...............
#.###.####.##..........#####
#.....# #.#######.##..#
#.##### #.............# #.#
#########.##.## #.# #.##.#
#.# #.##.# #.# #.##.#


You could see a jelly.


Message History

😕 HP[-3]
You take 3 damage, and now have 34/40 hp.
You hit the orc. The orc barely misses you.
You hit the orc.
You kill the orc!
No target in view!
Done exploring. 😎 HP[+6]
Your hp is fully restored (40).
Done exploring.
You climb downwards.
There is a stone staircase leading up here.
A bat comes into view.
You throw a stone {throwing}.
The stone {throwing} barely misses the bat.
You throw a stone {throwing}.
The stone {throwing} hits the bat but does no damage.
The bat hits you. 😕 HP[-1]
You take 1 damage, and now have 39/40 hp.
You miss the bat. The bat hits you. x2 😕 HP[-2]
You take 2 damage, and now have 37/40 hp.
You completely miss the bat. The bat barely misses you. 😕 HP[+1]
You miss the bat. The bat closely misses you. The bat completely misses you.
The bat hits you.
You see here a stone {throwing}. 😕 HP[-1]
You take 1 damage, and now have 37/40 hp.
You barely miss the bat. The bat hits you but does no damage.
You hit the bat. The bat closely misses you.
The bat hits you but does no damage.
You miss the bat. The bat closely misses you.
The bat hits you but does no damage.
You see here a stone {throwing}.
You hit the bat.
You kill the bat!
No target in view!
No target in view!
e - 12 stones {throwing} (gained 1) 😕 HP[+1]
There is a stone staircase leading up here.
You start resting. 😎 HP[+2]
Your hp is fully restored (40).
e - 13 stones {throwing} (gained 1)
e - 14 stones {throwing} (gained 1)
n - a viscous yellow potion
e - 15 stones {throwing} (gained 1)
Found an ancient bone altar of Kikubaaqudgha.
You pick up a book of Changes and begin reading...
You add the spells Beastly Appendage, Wereblood, Spider Form, Ice Form and Hydra Form to your library.
There is an ancient bone altar of Kikubaaqudgha here.
You now have 26 gold pieces (gained 6).
There is an ancient bone altar of Kikubaaqudgha here.
There is a dry fountain here.
A jelly comes into view.
You throw a stone {throwing}.
The stone {throwing} hits the jelly but does no damage.
The jelly quivers.
You hit the jelly.
Your hands burn!
The jelly barely misses you. 😕 HP[-2]
You take 2 damage, and now have 38/40 hp.
You hit the jelly.
Your hands burn!
The jelly hits you but does no damage. 😕 HP[-2]
You take 2 damage, and now have 36/40 hp.
You barely miss the jelly. The jelly hits you.
You are splashed with acid! 😮 HP[-9]
You take 9 damage, and now have 27/40 hp.
MASSIVE DAMAGE!! (PAUSE) 😮 HP[+1]
You hit the jelly. The acid corrodes you!
Your hands burn!
The jelly barely misses you. 😮 HP[-5]
You take 5 damage, and now have 23/40 hp.
You hit the jelly.
Your hands burn!
The jelly closely misses you.
You hit the jelly but do no damage.
Your hands burn!
* * * LOW HITPOINT WARNING * * *
The jelly closely misses you. 😨 HP[-4]
You take 4 damage, and now have 19/40 hp.
Unknown command.
You hit the jelly but do no damage.
Your hands burn!
* * * LOW HITPOINT WARNING * * *
The jelly closely misses you. 😨 HP[-2]
You take 2 damage, and now have 17/40 hp.
You hit the jelly but do no damage.
Your hands burn!
* * * LOW HITPOINT WARNING * * *
The jelly barely misses you. 😨 HP[-5]
You take 5 damage, and now have 12/40 hp.
Unknown command.
You hit the jelly.
Your hands burn!
* * * LOW HITPOINT WARNING * * *
The jelly hits you.
* * * LOW HITPOINT WARNING * * *
You are splashed with acid!
You die...

Skill      XL: |  1  2  3 |
---------------+----------+-----
Fighting       | 4 |  4.0
Stealth        | 2 |  2.2
Axes           | 5 |  5.2
Dodging        | |  2.8

Action                   |  1- 3 |  4- 6 || total
-------------------------+-------+-------++-------
Melee: Hand axe          |   109 |    28 ||   137
Throw: Stone             |    73 |    16 ||    89
 Stab: Sleeping          |     2 |       ||     2
Armor: Robe              |    24 |     5 ||    29
Dodge: Dodged            |    54 |    15 ||    69

Levels and vault maps discovered:
D:1:      dpeg_arrival_arbitrary_a, layout_basic
D:2:      layout_basic, basic_altar
D:3:      layout_loops_ring, kiku_gazebo_pond_becter, jmf_multi_god_temple,
          basic_ecumenical_altar

Notes
Turn   | Place    | Note
-------+----------+-------------------------------------------
     0 | D:1      | Sobieck the Hill Orc Monk began the quest for the Orb.
     0 | D:1      | Reached XP level 1. HP: 19/19 MP: 1/1
     0 | D:1      | magus.rc [v1.9.6]
   346 | D:1      | Reached XP level 2. HP: 26/27 MP: 2/2
   787 | D:1      | Reached XP level 3. HP: 33/33 MP: 3/3
   892 | D:1      | Reached skill level 4 in Fighting
   940 | D:1      | Reached skill level 2 in Stealth
  1779 | D:2      | Found a radiant altar of Vehumet.
  1787 | D:2      | Reached skill level 5 in Axes
  2069 | D:2      | Reached XP level 4. HP: 38/40 MP: 4/4
  2394 | D:3      | Found an ancient bone altar of Kikubaaqudgha.
  2401 | D:3      | You pick up a book of Changes and begin reading...
  2401 | D:3      | You add the spells Beastly Appendage, Wereblood, Spider
                  | Form, Ice Form and Hydra Form to your library.
  2482 | D:3      | HP: 7/40 [acid (5)]
  2482 | D:3      | Splashed by a jelly's acid

Vanquished Creatures
  An adder (D:1)
  A worm (D:2)
  2 orcs
  7 bats
  4 endoplasms (D:1)
  3 giant cockroaches
  4 hobgoblins
  4 jackals (D:2)
  3 ball pythons
  2 frilled lizards (D:1)
  9 goblins
  6 rats
46 creatures vanquished.

Table legend:
 A = Non-vault XP
 B = Vault XP
 C = Vault XP percentage of total XP
 D = Non-vault monster count
 E = Vault monster count
 F = Vault count percentage of total count
                 A         B        C        D         E       F
            +---------+---------+-------+---------+---------+-------
      Total |      94 |       0 |   0.0 |      46 |       0 |   0.0
            +---------+---------+-------+---------+---------+-------
        D:1 |      61 |       0 |   0.0 |      30 |       0 |   0.0
        D:2 |      32 |       0 |   0.0 |      15 |       0 |   0.0
        D:3 |       1 |       0 |   0.0 |       1 |       0 |   0.0
            +---------+---------+-------+---------+---------+-------

Illustrated notes

Table legend:
 A = Kills in this place as a percentage of kills in entire the game.
 B = Kills by you in this place as a percentage of kills by you in the entire game.
 C = Kills by friends in this place as a percentage of kills by friends in the entire game.
 D = Other kills in this place as a percentage of other kills in the entire game.
 E = Experience gained in this place as a percentage of experience gained in the entire game.
 F = Experience gained in this place divided by the number of levels of this place that you have seen.
                   A       B       C       D       E      F
               +-------+-------+-------+-------+-------+----------------------
         Total | 100.0 | 100.0 |   N/A |   N/A | 100.0 |  31.3
       Dungeon | 100.0 | 100.0 |   N/A |   N/A | 100.0 |  31.3
               +-------+-------+-------+-------+-------+----------------------

Table legend: (Time is in decaauts)
 A = Elapsed time spent in this place.
 B = Non-inter-level travel time spent in this place.
 C = Inter-level travel time spent in this place.
 D = Time resting spent in this place.
 E = Time spent auto-exploring this place.
 F = Levels seen in this place.
 G = Mean time per level.
                   A        B        C        D        E       F      G
               +--------+--------+--------+--------+--------+-----+--------+
         Total |   2505 |   2392 |    113 |    160 |   1706 |   3 |  835.0 |
       Dungeon |   2505 |   2392 |    113 |    160 |   1706 |   3 |  835.0 |
               +--------+--------+--------+--------+--------+-----+--------+

Top non-repeatable levels by time:
     D:1: 1708 daAuts
     D:2: 655 daAuts
     D:3: 142 daAuts
